| TOP OF THE 1ST |
|
Charlotte Knights batting - Pitching for Salt Lake Bees : RHP Chris Russell
|
|
Pitching: RHP Chris Russell
|
|
|
Batting: RHB Josiah Wright
|
0-0: Foul Ball, location: 2F 0-1: Called Strike 0-2: Ground out U3 (Groundball, 3, EV 101.9 MPH)
|
|
Batting: LHB Ricardo Pagan
|
0-0: Ball 1-0: Ball 2-0: Called Strike 2-1: Ball 3-1: Called Strike 3-2: Base on Balls
|
|
Batting: RHB Mike Warzecha
|
0-0: Ball 1-0: Fly out, F8 (Flyball, 8RD, EV 80.0 MPH)
|
|
Batting: RHB Micah Brown
|
0-0: Foul Ball, location: 2F 0-1: Ball Ricardo Pagan steals 2nd base 1-1: Foul Ball, location: 2F 1-2: Ball 2-2: Strikes out swinging
|
| Top of the 1st over - 0 runs, 0 hits, 0 errors, 1 left on base; Charlotte 0 - Salt Lake 0 |
| BOTTOM OF THE 1ST |
|
Salt Lake Bees batting - Pitching for Charlotte Knights : RHP Brett Kitchen
|
|
Pitching: RHP Brett Kitchen
|
|
|
Batting: SHB Butch Brown
|
0-0: Foul Ball, location: 2F 0-1: Foul Ball, location: 2F 0-2: Fly out, F2 (Popup, 3SF, EV 83.1 MPH)
|
|
Batting: LHB Brett Bugge
|
0-0: SINGLE (Groundball, 34D, EV 95.6 MPH)
|
|
Batting: LHB Micah Miller
|
0-0: Foul Ball, location: 2F 0-1: Fielders Choice at 2nd, 4-6 (Groundball, 4S, EV 86.2 MPH)
|
|
Batting: SHB Mario Padron
|
0-0: Ball 1-0: Ground out 4-3 (Groundball, 4, EV 83.1 MPH)
|
| Bottom of the 1st over - 0 runs, 1 hit, 0 errors, 1 left on base; Charlotte 0 - Salt Lake 0 |
| TOP OF THE 2ND |
|
Charlotte Knights batting - Pitching for Salt Lake Bees : RHP Chris Russell
|
|
Batting: RHB Jeremy Hoffert
|
0-0: Called Strike 0-1: Ground out 4-3 (Groundball, 4, EV 89.4 MPH)
|
|
Batting: SHB Ethan Villalobos
|
0-0: Called Strike 0-1: Called Strike 0-2: Ground out 1-3 (Groundball, 15S, EV 66.9 MPH)
|
|
Batting: LHB John Thurman
|
0-0: Ball 1-0: Ground out 1-3 (Groundball, P, EV 68.8 MPH)
|
| Top of the 2nd over - 0 runs, 0 hits, 0 errors, 0 left on base; Charlotte 0 - Salt Lake 0 |
| BOTTOM OF THE 2ND |
|
Salt Lake Bees batting - Pitching for Charlotte Knights : RHP Brett Kitchen
|
|
Batting: RHB Ryuji Ito
|
0-0: Ground out 5-3 (Groundball, 5L, EV 88.8 MPH)
|
|
Batting: RHB Kian-tat Chen
|
0-0: Fly out, F6 (Popup, 4S, EV 75.0 MPH)
|
|
Batting: RHB Brandon Davis
|
0-0: Swinging Strike 0-1: Ball 1-1: Swinging Strike 1-2: Foul Ball, location: 2F 1-2: Strikes out swinging
|
| Bottom of the 2nd over - 0 runs, 0 hits, 0 errors, 0 left on base; Charlotte 0 - Salt Lake 0 |
| TOP OF THE 3RD |
|
Charlotte Knights batting - Pitching for Salt Lake Bees : RHP Chris Russell
|
|
Batting: RHB Kikuo Sato
|
0-0: Ball 1-0: Ball 2-0: Ball 3-0: Base on Balls
|
|
Batting: RHB Jose Marquez
|
0-0: Swinging Strike 0-1: Called Strike 0-2: Reached on error, E1 (Groundball, 13S, EV 72.5 MPH) Kikuo Sato to second
|
|
Batting: RHB Josiah Wright
|
0-0: Ball 1-0: Ball 2-0: Ball 3-0: Base on Balls Kikuo Sato to third Jose Marquez to second
|
|
Batting: LHB Ricardo Pagan
|
0-0: Grounds into double play, 4-6-3 (Groundball, 34D, EV 91.9 MPH) Kikuo Sato scores Jose Marquez to third
|
|
Batting: RHB Mike Warzecha
|
0-0: Called Strike 0-1: Swinging Strike 0-2: Strikes out swinging
|
| Top of the 3rd over - 1 run, 0 hits, 1 error, 1 left on base; Charlotte 1 - Salt Lake 0 |
| BOTTOM OF THE 3RD |
|
Salt Lake Bees batting - Pitching for Charlotte Knights : RHP Brett Kitchen
|
|
Batting: RHB Timoleon Tsikouna
|
0-0: Ground out 5-3 (Groundball, 5, EV 90.6 MPH)
|
|
Batting: LHB Larry Prey
|
0-0: Called Strike 0-1: SINGLE (Line Drive, 9S, EV 93.1 MPH)
|
|
Batting: SHB Butch Brown
|
0-0: SINGLE (Groundball, 4D, EV 103.1 MPH) Larry Prey to second Runner from 2nd tries for 3rd, SAFE, no throw by CF
|
|
Batting: LHB Brett Bugge
|
0-0: Ball 1-0: Ball 2-0: Foul Ball, location: 2F 2-1: SINGLE (Line Drive, 89S, EV 94.4 MPH) Larry Prey scores Butch Brown to second Runner from 2nd tries for 3rd, SAFE, throw by RF made to third
|
|
Batting: LHB Micah Miller
|
0-0: Ball 1-0: Called Strike 1-1: Ball 2-1: Grounds into double play, 4-6-3 (Groundball, 4, EV 80.0 MPH)
|
| Bottom of the 3rd over - 1 run, 3 hits, 0 errors, 1 left on base; Charlotte 1 - Salt Lake 1 |
| TOP OF THE 4TH |
|
Charlotte Knights batting - Pitching for Salt Lake Bees : RHP Chris Russell
|
|
Batting: RHB Micah Brown
|
0-0: Ball 1-0: Fly out, F9 (Line Drive, 9LM, EV 100.6 MPH)
|
|
Batting: RHB Jeremy Hoffert
|
0-0: Ground out U3 (Groundball, 34, EV 101.9 MPH)
|
|
Batting: SHB Ethan Villalobos
|
0-0: Ball 1-0: Ball 2-0: SINGLE (Line Drive, 4D, EV 96.9 MPH)
|
|
Batting: LHB John Thurman
|
0-0: Called Strike 0-1: SINGLE (Groundball, 4D, EV 98.1 MPH) Ethan Villalobos to second
|
|
Batting: RHB Kikuo Sato
|
0-0: Foul Ball, location: 2F 0-1: Swinging Strike 0-2: Foul Ball, location: 2F 0-2: Foul Ball, location: 2F 0-2: Ball 1-2: Ball 2-2: Foul Ball, location: 2F 2-2: Fielders Choice at 2nd, 6-4 (Groundball, 6, EV 83.1 MPH)
|
| Top of the 4th over - 0 runs, 2 hits, 0 errors, 2 left on base; Charlotte 1 - Salt Lake 1 |
| BOTTOM OF THE 4TH |
|
Salt Lake Bees batting - Pitching for Charlotte Knights : RHP Brett Kitchen
|
|
Batting: SHB Mario Padron
|
0-0: Ball 1-0: Called Strike 1-1: Ball 2-1: Ball 3-1: Foul Ball, location: 2F 3-2: Base on Balls
|
|
Batting: RHB Ryuji Ito
|
0-0: Ground out 5-3 (Groundball, 5S, EV 68.8 MPH) Mario Padron to second
|
|
Batting: RHB Kian-tat Chen
|
0-0: Called Strike 0-1: Swinging Strike 0-2: Foul Ball, location: 2F 0-2: Ball 1-2: Ground out 6-3 (Groundball, 6, EV 81.2 MPH) Mario Padron to third
|
|
Batting: RHB Brandon Davis
|
0-0: Called Strike 0-1: Ball 1-1: Ball 2-1: SINGLE (Groundball, 6D, EV 95.6 MPH) Mario Padron scores
|
|
Batting: RHB Timoleon Tsikouna
|
0-0: Called Strike 0-1: Foul Ball, location: 2F 0-2: Ball 1-2: SINGLE (Groundball, 34D, EV 95.6 MPH) Brandon Davis to second Runner from 2nd tries for 3rd, SAFE, throw by RF made to third Timoleon Tsikouna to second
|
|
Batting: LHB Larry Prey
|
0-0: Swinging Strike 0-1: Ball 1-1: Ground out 1-3 (Groundball, 13S, EV 70.0 MPH)
|
| Bottom of the 4th over - 1 run, 2 hits, 0 errors, 2 left on base; Charlotte 1 - Salt Lake 2 |
| TOP OF THE 5TH |
|
Charlotte Knights batting - Pitching for Salt Lake Bees : RHP Chris Russell
|
|
Batting: RHB Jose Marquez
|
0-0: Called Strike 0-1: Called Strike 0-2: Strikes out looking
|
|
Batting: RHB Josiah Wright
|
0-0: Ball 1-0: Foul Ball, location: 2F 1-1: Called Strike 1-2: SINGLE (Groundball, 56D, EV 97.5 MPH)
|
|
Batting: LHB Ricardo Pagan
|
0-0: Ball 1-0: Swinging Strike 1-1: Called Strike 1-2: Strikes out swinging
|
|
Batting: RHB Mike Warzecha
|
0-0: Ball 1-0: Called Strike 1-1: Ball 2-1: SINGLE (Groundball, 13, EV 82.5 MPH) (infield hit) Josiah Wright to second
|
|
Batting: RHB Micah Brown
|
0-0: Ball 1-0: Called Strike 1-1: Fielders Choice at 2nd, 5-4 (Groundball, 56, EV 77.5 MPH)
|
| Top of the 5th over - 0 runs, 2 hits, 0 errors, 2 left on base; Charlotte 1 - Salt Lake 2 |
| BOTTOM OF THE 5TH |
|
Salt Lake Bees batting - Pitching for Charlotte Knights : RHP Brett Kitchen
|
|
Batting: SHB Butch Brown
|
0-0: Swinging Strike 0-1: Swinging Strike 0-2: Ball 1-2: Strikes out looking
|
|
Batting: LHB Brett Bugge
|
0-0: Ball 1-0: Foul Ball, location: 2F 1-1: Hit by Pitch
|
|
Batting: LHB Micah Miller
|
0-0: Reached on error, E4 (Groundball, 4, EV 86.2 MPH) Brett Bugge to second
|
|
Batting: SHB Mario Padron
|
0-0: Ball 1-0: Ball 2-0: Called Strike 2-1: Ball 3-1: Base on Balls Brett Bugge to third Micah Miller to second
|
|
Batting: RHB Ryuji Ito
|
0-0: Swinging Strike 0-1: Called Strike 0-2: Strikes out swinging
|
|
Batting: RHB Kian-tat Chen
|
0-0: Called Strike 0-1: Ball 1-1: Foul Ball, location: 2F 1-2: Foul Ball, location: 2F 1-2: Ball 2-2: Foul Ball, location: 2F 2-2: Ball 3-2: Foul Ball, location: 2F 3-2: Strikes out swinging
|
| Bottom of the 5th over - 0 runs, 0 hits, 1 error, 3 left on base; Charlotte 1 - Salt Lake 2 |
| TOP OF THE 6TH |
|
Charlotte Knights batting - Pitching for Salt Lake Bees : RHP Chris Russell
|
|
Batting: RHB Jeremy Hoffert
|
0-0: Foul Ball, location: 2F 0-1: Ball 1-1: Ground out 6-3 (Groundball, P, EV 83.1 MPH)
|
|
Batting: SHB Ethan Villalobos
|
0-0: SINGLE (Groundball, 4MD, EV 100.0 MPH)
|
|
Batting: LHB John Thurman
|
0-0: Called Strike 0-1: Ball 1-1: Ball 2-1: Foul Ball, location: 2F 2-2: Foul Ball, location: 2F 2-2: Ball 3-2: Fly out, F8 (Flyball, 8RD, EV 96.9 MPH)
|
|
Batting: RHB Kikuo Sato
|
0-0: Ball Wild Pitch! Ethan Villalobos to second 1-0: Foul Ball, location: 2F 1-1: Swinging Strike 1-2: Foul Ball, location: 2F 1-2: Foul Ball, location: 2F 1-2: Hit by Pitch
|
|
Batting: RHB Jose Marquez
|
0-0: Foul Ball, location: 2F 0-1: Foul Ball, location: 2F 0-2: Ground out 4-3 (Groundball, 4, EV 91.9 MPH)
|
| Top of the 6th over - 0 runs, 1 hit, 0 errors, 2 left on base; Charlotte 1 - Salt Lake 2 |
| BOTTOM OF THE 6TH |
|
Salt Lake Bees batting - Pitching for Charlotte Knights : RHP Brett Kitchen
|
|
Batting: RHB Brandon Davis
|
0-0: Called Strike 0-1: Foul Ball, location: 2F 0-2: Ball 1-2: Strikes out looking
|
|
Batting: RHB Timoleon Tsikouna
|
0-0: Ball 1-0: SINGLE (Groundball, 34D, EV 110.6 MPH) (infield hit)
|
|
Batting: LHB Larry Prey
|
0-0: Called Strike 0-1: Fielders Choice at 2nd, 4-6 (Groundball, 4, EV 100.6 MPH)
|
|
Batting: SHB Butch Brown
|
0-0: Called Strike Larry Prey steals 2nd base (no throw) 0-1: Ball 1-1: Fly out, F9 (Flyball, 9S, EV 91.9 MPH)
|
| Bottom of the 6th over - 0 runs, 1 hit, 0 errors, 1 left on base; Charlotte 1 - Salt Lake 2 |
| TOP OF THE 7TH |
|
Charlotte Knights batting - Pitching for Salt Lake Bees : RHP Chris Russell
|
|
Batting: RHB Josiah Wright
|
0-0: Ball 1-0: SINGLE (Groundball, 6MD, EV 102.5 MPH)
|
|
Batting: LHB Ricardo Pagan
|
0-0: Sac Bunt to 13 - play at first, batter OUT! 1-3 Josiah Wright to second
|
|
Pitching: RHP Luis Cabrera
|
|
|
Pinch Hitting: LHB Justin Stickney
|
0-0: Called Strike 0-1: Swinging Strike 0-2: Foul Ball, location: 2F 0-2: Ground out 1-3 (Groundball, 15S, EV 66.9 MPH)
|
|
Batting: RHB Micah Brown
|
0-0: Ball 1-0: Ball 2-0: 2-RUN HOME RUN (Flyball, 7D, EV 97.5 MPH), Distance : 393 ft
|
|
Batting: RHB Jeremy Hoffert
|
0-0: SOLO HOME RUN (Flyball, 78XD, EV 108.8 MPH), Distance : 429 ft
|
|
Batting: SHB Ethan Villalobos
|
0-0: Ball 1-0: Ball 2-0: Called Strike 2-1: Ball 3-1: Base on Balls
|
|
Batting: LHB John Thurman
|
0-0: Foul Ball, location: 2F 0-1: Swinging Strike 0-2: Strikes out swinging
|
| Top of the 7th over - 3 runs, 3 hits, 0 errors, 1 left on base; Charlotte 4 - Salt Lake 2 |
| BOTTOM OF THE 7TH |
|
Salt Lake Bees batting - Pitching for Charlotte Knights : RHP Brett Kitchen
|
|
Now at 1B: Olaf Zoeteman
|
|
|
Batting: LHB Brett Bugge
|
0-0: Ball 1-0: Swinging Strike 1-1: Foul Ball, location: 2F 1-2: Strikes out swinging
|
|
Pitching: RHP Jesus Griego
|
|
|
Batting: LHB Micah Miller
|
0-0: Foul Ball, location: 2F 0-1: Called Strike 0-2: Ball 1-2: Ball 2-2: Fly out, F8 (Flyball, 78S, EV 90.6 MPH)
|
|
Batting: SHB Mario Padron
|
0-0: Fly out, F8 (Flyball, 8LM, EV 90.6 MPH)
|
| Bottom of the 7th over - 0 runs, 0 hits, 0 errors, 0 left on base; Charlotte 4 - Salt Lake 2 |
| TOP OF THE 8TH |
|
Charlotte Knights batting - Pitching for Salt Lake Bees : RHP Luis Cabrera
|
|
Batting: RHB Kikuo Sato
|
0-0: Called Strike 0-1: Ball 1-1: SINGLE (Groundball, 6D, EV 98.1 MPH)
|
|
Batting: RHB Jose Marquez
|
0-0: Ball 1-0: Ball 2-0: Called Strike 2-1: Fly out, F8 (Line Drive, 89M, EV 90.6 MPH)
|
|
Batting: RHB Josiah Wright
|
0-0: Called Strike Kikuo Sato is caught stealing 2nd base 2-4 0-1: SINGLE (Line Drive, 78S, EV 106.9 MPH)
|
|
Batting: LHB Ricardo Pagan
|
0-0: Swinging Strike 0-1: Ball Josiah Wright steals 2nd base (no throw) 1-1: Swinging Strike 1-2: Ball 2-2: Ball 3-2: Foul Ball, location: 2F 3-2: Base on Balls
|
|
Batting: SHB Olaf Zoeteman
|
0-0: Foul Ball, location: 2F 0-1: Ball 1-1: Called Strike 1-2: Ball 2-2: Ball 3-2: Strikes out swinging
|
| Top of the 8th over - 0 runs, 2 hits, 0 errors, 2 left on base; Charlotte 4 - Salt Lake 2 |
| BOTTOM OF THE 8TH |
|
Salt Lake Bees batting - Pitching for Charlotte Knights : RHP Jesus Griego
|
|
Now at 2B: Steve Waltenbery
|
|
|
Batting: RHB Ryuji Ito
|
0-0: Called Strike 0-1: Ground out 6-3 (Groundball, 6, EV 103.8 MPH)
|
|
Batting: RHB Kian-tat Chen
|
0-0: Called Strike 0-1: Ball 1-1: Ball 2-1: Swinging Strike 2-2: Foul Ball, location: 2F 2-2: Strikes out swinging
|
|
Batting: RHB Brandon Davis
|
0-0: Foul Ball, location: 2F 0-1: Foul Ball, location: 2F 0-2: Strikes out swinging
|
| Bottom of the 8th over - 0 runs, 0 hits, 0 errors, 0 left on base; Charlotte 4 - Salt Lake 2 |
| TOP OF THE 9TH |
|
Charlotte Knights batting - Pitching for Salt Lake Bees : RHP Luis Cabrera
|
|
Pitching: RHP Josh Reynolds
|
|
|
Batting: RHB Micah Brown
|
0-0: Ball 1-0: Ball 2-0: Foul Ball, location: 2F 2-1: Swinging Strike 2-2: Foul Ball, location: 2F 2-2: Ball 3-2: Base on Balls
|
|
Batting: RHB Jeremy Hoffert
|
0-0: Called Strike 0-1: Foul Ball, location: 2F 0-2: Strikes out swinging
|
|
Batting: SHB Ethan Villalobos
|
0-0: Called Strike 0-1: Ball 1-1: Ball 2-1: Ball 3-1: Grounds into double play, 3-6-3 (Groundball, 3S, EV 85.0 MPH)
|
| Top of the 9th over - 0 runs, 0 hits, 0 errors, 0 left on base; Charlotte 4 - Salt Lake 2 |
| BOTTOM OF THE 9TH |
|
Salt Lake Bees batting - Pitching for Charlotte Knights : RHP Jesus Griego
|
|
Pitching: RHP Tommy Benedict
|
|
|
Batting: RHB Timoleon Tsikouna
|
0-0: Swinging Strike 0-1: Ball 1-1: Ground out 1-3 (Groundball, 15S, EV 68.8 MPH)
|
|
Batting: LHB Larry Prey
|
0-0: Foul Ball, location: 2F 0-1: Ball 1-1: Foul Ball, location: 2F 1-2: Ball 2-2: Ball 3-2: Base on Balls
|
|
Batting: SHB Butch Brown
|
0-0: Ball 1-0: Ball 2-0: Called Strike 2-1: Fly out, F8 (Flyball, 8RS, EV 86.2 MPH)
|
|
Batting: LHB Brett Bugge
|
0-0: Called Strike 0-1: SINGLE (Groundball, 56S, EV 62.5 MPH) (infield hit) Larry Prey to second
|
|
Batting: LHB Micah Miller
|
0-0: Swinging Strike 0-1: Foul Ball, location: 2F 0-2: Ball 1-2: Ball 2-2: Ball 3-2: Foul Ball, location: 2F 3-2: Base on Balls Larry Prey to third Brett Bugge to second
|
|
Batting: SHB Mario Padron
|
0-0: Ball 1-0: Ball Wild Pitch! Larry Prey scores Brett Bugge to third Micah Miller to second 2-0: Called Strike 2-1: Foul Ball, location: 2F 2-2: Hit by Pitch
|
|
Batting: RHB Ryuji Ito
|
0-0: Called Strike 0-1: Foul Ball, location: 2F 0-2: Ball 1-2: Ball 2-2: Foul Ball, location: 2F 2-2: Fly out, F8 (Flyball, 8RD, EV 106.2 MPH)
|
| Bottom of the 9th over - 1 run, 1 hit, 0 errors, 3 left on base; Charlotte 4 - Salt Lake 3 |
|